SAAA
HIALEAH DODOS @ VERMONT LAKE MONSTERS
05/30/2041
 
TOP OF THE 1ST
Hialeah Dodos batting - Pitching for Vermont Lake Monsters : RHP David Schrattenthaler
Pitching: RHP David Schrattenthaler
Batting: LHB Ramón Morterero 0-0: Ball
1-0: Ball
2-0: Ball
3-0: Called Strike
3-1: Base on Balls
Batting: RHB Eddie Neef 0-0: Called Strike
0-1: Foul Ball, location: 2F
Pickoff Throw to First - Out! 1-3
0-2: Ball
1-2: Fly out, F9 (Flyball, 9D, EV 93.1 MPH)
Batting: RHB Kawenaula Alohalani 0-0: Foul Ball, location: 2F
0-1: Swinging Strike
0-2: Strikes out swinging
Top of the 1st over - 0 runs, 0 hits, 0 errors, 0 left on base; Hialeah 0 - Vermont 0
BOTTOM OF THE 1ST
Vermont Lake Monsters batting - Pitching for Hialeah Dodos : RHP César Soto
Pitching: RHP César Soto
Batting: RHB Tim O'Brian 0-0: Called Strike
0-1: Reached on error, E4 (Groundball, 4M, EV 111.9 MPH)
Batting: RHB Frank Tatum 0-0: Ball
1-0: Fly out, F8 (Line Drive, 8RM, EV 98.8 MPH)
Batting: SHB Senthamilselvi Manohoran 0-0: Ball
Tim O'Brian steals 2nd base
1-0: Called Strike
1-1: Swinging Strike
1-2: Foul Ball, location: 2F
1-2: Ball
2-2: Foul Ball, location: 2F
2-2: Strikes out swinging
Batting: RHB Cord Hosenbeck 0-0: SINGLE (Groundball, 4, EV 103.1 MPH) (infield hit)
Tim O'Brian to third
Batting: RHB Sincere Wushon David 0-0: Swinging Strike
0-1: Ground out 1-3 (Groundball, 13S, EV 68.8 MPH)
Bottom of the 1st over - 0 runs, 1 hit, 1 error, 2 left on base; Hialeah 0 - Vermont 0
TOP OF THE 2ND
Hialeah Dodos batting - Pitching for Vermont Lake Monsters : RHP David Schrattenthaler
Batting: LHB Murray Sperber 0-0: Ball
1-0: SINGLE (Line Drive, 4D, EV 105.0 MPH)
Batting: RHB Robby Long 0-0: Fly out, F8 (Flyball, 8LM, EV 76.9 MPH)
Batting: RHB Juan Reyes 0-0: Foul Ball, location: 2F
0-1: Ball
1-1: Ball
2-1: SINGLE (Groundball, 6MD, EV 93.8 MPH)
Murray Sperber to second
Batting: LHB Keith Pick 0-0: Ball
Murray Sperber is caught stealing 3rd base 2-5
1-0: Ball
2-0: Called Strike
2-1: Ground out 4-3 (Groundball, 4, EV 83.1 MPH)
Top of the 2nd over - 0 runs, 2 hits, 0 errors, 1 left on base; Hialeah 0 - Vermont 0
BOTTOM OF THE 2ND
Vermont Lake Monsters batting - Pitching for Hialeah Dodos : RHP César Soto
Batting: RHB Dusty Crum 0-0: Swinging Strike
0-1: Ball
1-1: Foul Ball, location: 2F
1-2: Foul Ball, location: 2F
1-2: SINGLE (Groundball, 6, EV 85.6 MPH) (infield hit)
Batting: LHB Ryan Ferguson 0-0: Called Strike
0-1: Foul Ball, location: 2F
0-2: SINGLE (Groundball, 6S, EV 70.6 MPH) (infield hit)
Dusty Crum to second
Batting: RHB Wally Hill 0-0: Ball
1-0: Foul Ball, location: 2F
1-1: TRIPLE (Flyball, 78XD, EV 103.1 MPH)
Dusty Crum scores
Ryan Ferguson scores
Batting: SHB Junya Furuya 0-0: Swinging Strike
0-1: Ball
1-1: Ball
2-1: Ball
3-1: Base on Balls
Batting: RHB Tim O'Brian 0-0: Called Strike
0-1: Ball
1-1: Fielders Choice at 2nd, 5-4 (Groundball, 56, EV 103.1 MPH)
Wally Hill scores
Batting: RHB Frank Tatum 0-0: Ball
1-0: Swinging Strike
1-1: SINGLE (Groundball, 3, EV 97.5 MPH) (infield hit)
Tim O'Brian to second
Batting: SHB Senthamilselvi Manohoran 0-0: Foul Ball, location: 2F
0-1: Foul Ball, location: 2F
0-2: Grounds into double play, 5-4-3 (Groundball, 56, EV 85.6 MPH)
Bottom of the 2nd over - 3 runs, 4 hits, 0 errors, 1 left on base; Hialeah 0 - Vermont 3
TOP OF THE 3RD
Hialeah Dodos batting - Pitching for Vermont Lake Monsters : RHP David Schrattenthaler
Batting: RHB Mulia Muljana 0-0: Called Strike
0-1: SINGLE (Line Drive, 6D, EV 98.1 MPH)
Batting: RHB Ron Lawrence 0-0: Ball
1-0: Grounds into double play, 4-6-3 (Groundball, 4, EV 83.1 MPH)
Batting: LHB Ramón Morterero 0-0: Foul Ball, location: 2F
0-1: Called Strike
0-2: Ground out U3 (Groundball, 34, EV 86.9 MPH)
Top of the 3rd over - 0 runs, 1 hit, 0 errors, 0 left on base; Hialeah 0 - Vermont 3
BOTTOM OF THE 3RD
Vermont Lake Monsters batting - Pitching for Hialeah Dodos : RHP César Soto
Batting: RHB Cord Hosenbeck 0-0: Swinging Strike
0-1: Swinging Strike
0-2: Foul Ball, location: 2F
0-2: Strikes out swinging
Batting: RHB Sincere Wushon David 0-0: Called Strike
0-1: Foul Ball, location: 2F
0-2: SINGLE (Groundball, 6D, EV 109.4 MPH)
Batting: RHB Dusty Crum 0-0: Ball
1-0: Ball
2-0: Called Strike
2-1: Foul Ball, location: 2F
2-2: Foul Ball, location: 2F
2-2: Ball
3-2: Base on Balls
Sincere Wushon David to second
Batting: LHB Ryan Ferguson 0-0: Foul Ball, location: 2F
0-1: Foul Ball, location: 2F
0-2: Ball
1-2: SINGLE (Groundball, 4D, EV 105.0 MPH)
Sincere Wushon David to third
Dusty Crum to second
Runner from 3rd tries for Home, SAFE, throw by CF to home
Batting: RHB Wally Hill 0-0: Called Strike
0-1: Ball
1-1: Ball
2-1: Swinging Strike
2-2: Strikes out swinging
Batting: SHB Junya Furuya 0-0: Called Strike
0-1: Ball
1-1: Ball
2-1: SINGLE (Groundball, 6MD, EV 107.5 MPH)
Dusty Crum to third
Ryan Ferguson to second
Runner from 3rd tries for Home, SAFE, no throw by CF
Batting: RHB Tim O'Brian 0-0: Foul Ball, location: 2F
0-1: Called Strike
0-2: Ball
1-2: 3-RUN HOME RUN (Flyball, 7D, EV 99.4 MPH), Distance : 383 ft
Pitching: RHP Mat Tengku
Batting: RHB Frank Tatum 0-0: Ground out 5-3 (Groundball, 56, EV 82.5 MPH)
Bottom of the 3rd over - 5 runs, 4 hits, 0 errors, 0 left on base; Hialeah 0 - Vermont 8
TOP OF THE 4TH
Hialeah Dodos batting - Pitching for Vermont Lake Monsters : RHP David Schrattenthaler
Batting: RHB Eddie Neef 0-0: Foul Ball, location: 2F
0-1: Called Strike
0-2: Ball
1-2: Ground out 5-3 (Groundball, 56S, EV 66.2 MPH)
Batting: RHB Kawenaula Alohalani 0-0: Called Strike
0-1: Swinging Strike
0-2: Ball
1-2: Strikes out swinging
Batting: LHB Murray Sperber 0-0: Ball
1-0: Ball
2-0: Ground out 6-3 (Groundball, 6M, EV 94.4 MPH)
Top of the 4th over - 0 runs, 0 hits, 0 errors, 0 left on base; Hialeah 0 - Vermont 8
BOTTOM OF THE 4TH
Vermont Lake Monsters batting - Pitching for Hialeah Dodos : RHP Mat Tengku
Batting: SHB Senthamilselvi Manohoran 0-0: Ball
1-0: Ball
2-0: Ball
3-0: Base on Balls
Batting: RHB Cord Hosenbeck 0-0: Called Strike
0-1: Ball
1-1: Ball
2-1: Foul Ball, location: 2F
2-2: Strikes out looking
Batting: RHB Sincere Wushon David 0-0: Ball
1-0: Ball
2-0: Ball
3-0: Base on Balls
Senthamilselvi Manohoran to second
Batting: RHB Dusty Crum 0-0: Ball
1-0: Grounds into double play, 6-4-3 (Groundball, 6, EV 82.5 MPH)
Bottom of the 4th over - 0 runs, 0 hits, 0 errors, 1 left on base; Hialeah 0 - Vermont 8
TOP OF THE 5TH
Hialeah Dodos batting - Pitching for Vermont Lake Monsters : RHP David Schrattenthaler
Batting: RHB Robby Long 0-0: Foul Ball, location: 2F
0-1: Foul Ball, location: 2F
0-2: Ball
1-2: Ball
2-2: Ball
3-2: Foul Ball, location: 2F
3-2: Foul Ball, location: 2F
3-2: Ground out 5-3 (Groundball, 56S, EV 91.2 MPH)
Batting: RHB Juan Reyes 0-0: Ball
1-0: Ball
2-0: Swinging Strike
2-1: Foul Ball, location: 2F
2-2: Strikes out swinging
Batting: LHB Keith Pick 0-0: Ball
1-0: Ball
2-0: SINGLE (Groundball, 34S, EV 62.5 MPH) (infield hit)
Batting: RHB Mulia Muljana 0-0: Ball
1-0: Foul Ball, location: 2F
1-1: Foul Ball, location: 2F
1-2: Foul Ball, location: 2F
1-2: Ball
2-2: Strikes out swinging
Top of the 5th over - 0 runs, 1 hit, 0 errors, 1 left on base; Hialeah 0 - Vermont 8
BOTTOM OF THE 5TH
Vermont Lake Monsters batting - Pitching for Hialeah Dodos : RHP Mat Tengku
Batting: LHB Ryan Ferguson 0-0: Ball
1-0: Ball
2-0: Foul Ball, location: 2F
2-1: Foul Ball, location: 2F
2-2: Strikes out looking
Batting: RHB Wally Hill 0-0: Swinging Strike
0-1: Swinging Strike
0-2: Strikes out looking
Batting: SHB Junya Furuya 0-0: Called Strike
0-1: Fly out, F4 (Line Drive, 4, EV 76.9 MPH)
Bottom of the 5th over - 0 runs, 0 hits, 0 errors, 0 left on base; Hialeah 0 - Vermont 8
TOP OF THE 6TH
Hialeah Dodos batting - Pitching for Vermont Lake Monsters : RHP David Schrattenthaler
Batting: RHB Ron Lawrence 0-0: Ball
1-0: Swinging Strike
1-1: Called Strike
1-2: Fly out, F7 (Flyball, 78M, EV 83.1 MPH)
Batting: LHB Ramón Morterero 0-0: Called Strike
0-1: Foul Ball, location: 2F
0-2: Foul Ball, location: 2F
0-2: Foul Ball, location: 2F
0-2: Ball
1-2: Ball
2-2: Foul Ball, location: 2F
2-2: Ground out 4-3 (Groundball, 4, EV 110.6 MPH)
Batting: RHB Eddie Neef 0-0: Foul Ball, location: 2F
0-1: Ball
1-1: Foul Ball, location: 2F
1-2: Ball
2-2: Ball
3-2: SOLO HOME RUN (Flyball, 7D, EV 100.0 MPH), Distance : 381 ft
Batting: RHB Kawenaula Alohalani 0-0: Fly out, F8 (Flyball, 8RD, EV 108.1 MPH)
Top of the 6th over - 1 run, 1 hit, 0 errors, 0 left on base; Hialeah 1 - Vermont 8
BOTTOM OF THE 6TH
Vermont Lake Monsters batting - Pitching for Hialeah Dodos : RHP Mat Tengku
Batting: RHB Tim O'Brian 0-0: Ground out 6-3 (Groundball, 6, EV 86.2 MPH)
Batting: RHB Frank Tatum 0-0: Ground out 5-3 (Groundball, 56, EV 108.8 MPH)
Batting: SHB Senthamilselvi Manohoran 0-0: Ball
1-0: Ball
2-0: Ball
3-0: Base on Balls
Batting: RHB Cord Hosenbeck 0-0: Fielders Choice at 2nd, 6-4 (Groundball, 6, EV 79.4 MPH)
Bottom of the 6th over - 0 runs, 0 hits, 0 errors, 1 left on base; Hialeah 1 - Vermont 8
TOP OF THE 7TH
Hialeah Dodos batting - Pitching for Vermont Lake Monsters : RHP David Schrattenthaler
Batting: LHB Murray Sperber 0-0: Reached via error on a dropped throw from P, E3 (Groundball, P, EV 86.2 MPH)
Batting: RHB Robby Long 0-0: Called Strike
0-1: Fly out, F8 (Flyball, 8LD, EV 90.0 MPH)
Batting: RHB Juan Reyes 0-0: Foul Ball, location: 2F
0-1: Swinging Strike
0-2: Ball
1-2: Ball
2-2: Strikes out swinging
Batting: LHB Keith Pick 0-0: Ball
Murray Sperber steals 2nd base (no throw)
1-0: Called Strike
1-1: Ball
2-1: Foul Ball, location: 2F
2-2: Ground out U3 (Groundball, 3, EV 87.5 MPH)
Top of the 7th over - 0 runs, 0 hits, 1 error, 1 left on base; Hialeah 1 - Vermont 8
BOTTOM OF THE 7TH
Vermont Lake Monsters batting - Pitching for Hialeah Dodos : RHP Mat Tengku
Batting: RHB Sincere Wushon David 0-0: SINGLE (Line Drive, 6MD, EV 102.5 MPH)
Batting: RHB Dusty Crum 0-0: Foul Ball, location: 2F
0-1: Ball
1-1: Ball
2-1: Called Strike
2-2: Foul Ball, location: 2F
2-2: Foul Ball, location: 2F
2-2: 2-RUN HOME RUN (Flyball, 7LD, EV 93.8 MPH), Distance : 358 ft
Pitching: LHP Kidlat Tria
Batting: LHB Ryan Ferguson 0-0: Ball
1-0: Swinging Strike
1-1: SINGLE (Groundball, 4, EV 86.9 MPH) (infield hit)
Batting: RHB Wally Hill 0-0: Called Strike
0-1: Fielders Choice at 2nd, 1-6 (Groundball, 13S, EV 73.8 MPH)
Batting: SHB Junya Furuya 0-0: Ball
1-0: Ball
2-0: Foul Ball, location: 2F
2-1: Ball
3-1: Fielders Choice at 2nd, 5-4 (Groundball, 56S, EV 78.1 MPH)
Batting: RHB Tim O'Brian 0-0: Swinging Strike
0-1: Called Strike
0-2: Foul Ball, location: 2F
0-2: Ball
1-2: Strikes out looking
Bottom of the 7th over - 2 runs, 3 hits, 0 errors, 1 left on base; Hialeah 1 - Vermont 10
TOP OF THE 8TH
Hialeah Dodos batting - Pitching for Vermont Lake Monsters : RHP David Schrattenthaler
Batting: RHB Mulia Muljana 0-0: SOLO HOME RUN (Flyball, 9D, EV 101.9 MPH), Distance : 379 ft
Batting: RHB Ron Lawrence 0-0: Ball
1-0: Ball
2-0: Fly out, F3 (Popup, 3SF, EV 60.0 MPH)
Batting: LHB Ramón Morterero 0-0: Ball
1-0: Ball
2-0: Foul Ball, location: 2F
2-1: Foul Ball, location: 2F
2-2: Strikes out swinging
Pinch Hitting: SHB Xavier Mercier 0-0: Ground out 4-3 (Groundball, 4, EV 87.5 MPH)
Top of the 8th over - 1 run, 1 hit, 0 errors, 0 left on base; Hialeah 2 - Vermont 10
BOTTOM OF THE 8TH
Vermont Lake Monsters batting - Pitching for Hialeah Dodos : LHP Kidlat Tria
Now at 1B: Jon Deal
Batting: RHB Frank Tatum 0-0: Fly out, F7 (Flyball, 7S, EV 73.8 MPH)
Batting: SHB Senthamilselvi Manohoran 0-0: Called Strike
0-1: Ball
1-1: Ball
2-1: Foul Ball, location: 2F
2-2: Strikes out swinging
Batting: RHB Cord Hosenbeck 0-0: Ball
1-0: Ball
2-0: Ball
3-0: Foul Ball, location: 2F
3-1: Swinging Strike
3-2: SINGLE (Groundball, 4D, EV 106.2 MPH)
Batting: RHB Sincere Wushon David 0-0: Ball
1-0: Foul Ball, location: 2F
1-1: Ball
2-1: Ball
3-1: Swinging Strike
3-2: Base on Balls
Cord Hosenbeck to second
Batting: RHB Dusty Crum 0-0: Swinging Strike
0-1: Foul Ball, location: 2F
0-2: Ball
1-2: SINGLE (Line Drive, 7LS, EV 111.2 MPH)
Cord Hosenbeck to third
Sincere Wushon David to second
Runner from 3rd tries for Home, SAFE, throw by LF to home
Batting: LHB Ryan Ferguson 0-0: Ball
1-0: Foul Ball, location: 2F
1-1: Ball
2-1: Ball
3-1: SINGLE (Groundball, 4S, EV 85.6 MPH) (infield hit)
Sincere Wushon David to third
Dusty Crum to second
Batting: RHB Wally Hill 0-0: Ball
1-0: Swinging Strike
1-1: Ball
2-1: Foul Ball, location: 2F
2-2: Reached on error, E6 (Groundball, 6, EV 90.0 MPH)
Sincere Wushon David scores
Dusty Crum to third
Ryan Ferguson to second
Batting: SHB Junya Furuya 0-0: Fly out, F8 (Flyball, 8LS, EV 91.2 MPH)
Bottom of the 8th over - 2 runs, 3 hits, 1 error, 3 left on base; Hialeah 2 - Vermont 12
TOP OF THE 9TH
Hialeah Dodos batting - Pitching for Vermont Lake Monsters : RHP David Schrattenthaler
Batting: RHB Kawenaula Alohalani 0-0: Ball
1-0: SOLO HOME RUN (Flyball, 78XD, EV 100.6 MPH), Distance : 415 ft
Batting: LHB Murray Sperber 0-0: Called Strike
0-1: Ball
1-1: Ball
2-1: Ball
3-1: SINGLE (Line Drive, 7LS, EV 100.0 MPH)
Batting: RHB Robby Long 0-0: Called Strike
0-1: Foul Ball, location: 2F
0-2: Foul Ball, location: 2F
0-2: Foul Ball, location: 2F
0-2: Strikes out swinging
Pitching: LHP Lawrence Swift
Batting: RHB Juan Reyes 0-0: Foul Ball, location: 2F
0-1: Fly out, F7 (Flyball, 7, EV 91.2 MPH)
Batting: LHB Keith Pick 0-0: Ball
1-0: Called Strike
1-1: Called Strike
1-2: Ball
2-2: Strikes out swinging
Top of the 9th over - 1 run, 2 hits, 0 errors, 1 left on base; Hialeah 3 - Vermont 12
Tuesday, January 5th, 2021 - OOTP Baseball 20.8 Build 74